 Dungeon Crawl Stone Soup version 0.14-a0-226-gcf818b1 (webtiles) character file.

421 Leibowitz the Ducker (level 6, -5/39 HPs)
             Began as a Kobold Berserker on Oct 11, 2013.
             Was a Priest of Trog.
             Slain by an ogre
             ... wielding a +0,+0 giant spiked club
              (14 damage)
             ... on Level 4 of the Dungeon.
             The game lasted 00:12:56 (3278 turns).

Leibowitz the Ducker (Kobold Berserker)             Turns: 3278, Time: 00:12:59

HP  -5/39        AC  6     Str 15      XL: 6   Next: 50%
MP   5/5         EV 16     Int  5      God: Trog [***...]
Gold 144         SH  0     Dex 16      Spells:  0 memorised,  5 levels left

Res.Fire  : . . .   See Invis. : .   d - +0 sabre
Res.Cold  : . . .   Warding    : .   e - +0 leather armour
Life Prot.: . . .   Conserve   : +   (no shield)
Res.Poison: .       Res.Corr.  : .   i - +0 helmet
Res.Elec. : .       Clarity    : .   (no cloak)
Sust.Abil.: . .     Spirit.Shd : .   g - +0 pair of gloves
Res.Mut.  : .       Stasis     : .   m - +0 pair of boots
Res.Rott. : .       Flight     : .   p - amulet of conservation
Saprovore : + + .                    (no ring)
                                     q - -2 ring of strength

@: slightly resistant to hostile enchantments, stealthy
A: disease resistance, carnivore 3, saprovore 2, spit poison 1
a: Spit Poison, Burn Spellbooks, Berserk, Trog's Hand, Renounce Religion


You were on level 4 of the Dungeon.
You worshipped Trog.
Trog was most pleased with you.
You were not hungry.

You visited 1 branch of the dungeon, and saw 4 of its levels.

You collected 124 gold pieces.

Inventory:

Hand weapons
 a - a +0,+0 short sword
 d - a +0,+0 sabre (weapon)
 o - a +0 blowgun
Armour
 e - a +0 leather armour (worn)
 g - a +0 pair of gloves (worn)
 i - a +0 helmet (worn)
 m - a +0 pair of boots (worn)
Comestibles
 c - a meat ration
Scrolls
 b - 4 scrolls of identify
 h - 2 scrolls of fog
 k - 2 scrolls of remove curse
Jewellery
 p - an amulet of conservation (around neck)
 q - a -2 ring of strength (left hand)
Potions
 f - 2 potions of heal wounds
 n - a potion of curing


   Skills:
 * Level 4.1 Fighting
 + Level 5.4 Short Blades
 - Level 1.5 Armour
 * Level 5.5 Dodging
 * Level 3.4 Stealth


You had 5 spell levels left.
You didn't know any spells.

Dungeon Overview and Level Annotations

Branches:
Dungeon (4/27)
 Temple: D:4-7

Altars:
Sif Muna


Innate Abilities, Weirdness & Mutations

You recuperate from illness quickly.
You are small and have problems with some larger weapons.
You are carnivorous and can eat meat at any time.
You can eat rotten meat.
You can spit poison.


Message History

The ogre is severely wounded.
The ogre misses you.
You hit the ogre.
The ogre is severely wounded.
The ogre hits you with a giant spiked club!
You barely miss the ogre.
The ogre is severely wounded.
You hit the ogre.
The ogre is severely wounded.
The ogre completely misses you.
You closely miss the ogre.
The ogre is severely wounded.
The ogre hits you with a giant spiked club!
* * * LOW HITPOINT WARNING * * *
You completely miss the ogre.
The ogre is severely wounded.
You hit the ogre.
The ogre is almost dead.
The ogre hits you with a giant spiked club!
You die...

#. #.# o#####. #.#
o...... #.#
..o...O.#####.##########
#....o.................#
#.......####.#########.#
.)..... #.# #.# ##.###.
#O# #.# # $. #@#
######.# #. #.# #......#
#. #.# #.###### .. #.#
#.# # #.# #.# #.# #.#
#.# #.# #.# #.# #.# #.#


You could see an ogre.

Vanquished Creatures
  An orc priest (D:4)
  A hound (D:4)
  2 orc wizards (D:4)
  Jessica (D:2)
  4 gnolls (D:4)
  An adder (D:2)
  A giant mite (D:3)
  A worm (D:3)
  3 giant geckos
  7 orcs
  3 ball pythons
  4 bats
  7 goblins
  11 hobgoblins
  8 jackals
  8 kobolds
  4 giant cockroaches
  A giant newt (D:2)
  A giant newt skeleton (D:4)
  11 rats
80 creatures vanquished.

Notes
Turn   | Place    | Note
--------------------------------------------------------------
     0 | D:1      | Leibowitz, the Kobold Berserker, began the quest for the Orb.
     0 | D:1      | Reached XP level 1. HP: 14/14 MP: 0/0
   262 | D:1      | Reached XP level 2. HP: 16/19 MP: 1/1
   670 | D:1      | Reached skill level 1 in Stealth
   778 | D:1      | Acquired Trog's second power
  1039 | D:1      | Reached XP level 3. HP: 24/24 MP: 2/2
  1268 | D:2      | Gained mutation: You can spit poison. [potion of beneficial mutation]
  1321 | D:2      | Found a deep blue altar of Sif Muna.
  1642 | D:2      | Noticed Jessica
  1653 | D:2      | Killed Jessica
  1653 | D:2      | Reached XP level 4. HP: 8/28 MP: 3/3
  2115 | D:3      | Reached skill level 5 in Short Blades
  2703 | D:3      | Reached XP level 5. HP: 33/33 MP: 4/4
  3112 | D:4      | Reached XP level 6. HP: 33/39 MP: 5/5
  3122 | D:4      | Reached skill level 5 in Dodging
  3248 | D:4      | Noticed an ogre
  3278 | D:4      | Slain by an ogre

Action                   |  1- 3 |  4- 6 || total
-------------------------+-------+-------++-------
Melee: Short sword       |    95 |       ||    95
       Sabre             |    20 |   235 ||   255
Invok: Berserk           |       |     1 ||     1
       Trog's Hand       |       |     1 ||     1
  Use: Scroll            |    10 |     1 ||    11
       Potion            |     5 |     2 ||     7
 Stab: Sleeping          |     1 |     4 ||     5
